 Dungeon Crawl Stone Soup version 0.21.0-30-g47ce8e4 (webtiles) character file.

3432 seren the Magician (level 9, 0/69 HPs)
             Began as a Mummy Wizard on Jan 27, 2018.
             Was a Follower of Kikubaaqudgha.
             Killed by divine providence
             ... invoked by an orc priest
              (7 damage)
             ... on level 8 of the Dungeon on Jan 28, 2018.
             The game lasted 00:58:46 (14441 turns).

seren the Magician (Mummy Wizard)                  Turns: 14441, Time: 00:58:47

Health: 0/69       AC:  8    Str: 14    XL:     9   Next: 77%
Magic:  16/20      EV: 12    Int: 20    God:    Kikubaaqudgha [*.....]
Gold:   367        SH:  4    Dex: 11    Spells: 10/23 levels left

rFire    + . .     SeeInvis .   a - +2 dagger (drain)
rCold    + . .     Gourm    .   u - +0 buckler {rF+}
rNeg     + + +     Faith    .   C - +2 leather armour {rF+}
rPois    ∞         Spirit   .   e - +0 helmet (curse)
rElec    .         Reflect  .   A - +0 cloak
rCorr    .         Harm     .   (no gloves)
MR       +....                  l - +0 pair of boots
Stlth    ++........             (no amulet)
HPRegen  0.21/turn              B - +4 ring of strength
MPRegen  0.17/turn              d - ring of wizardry

@: no status effects
A: no food or potions, fire vulnerability, cold resistance 1, negative energy
resistance 3, torment resistance, unbreathing
a: Receive Corpses, Renounce Religion


You were on level 8 of the Dungeon.
You worshipped Kikubaaqudgha.
Kikubaaqudgha was aware of your devotion.
You were not hungry.

You visited 3 branches of the dungeon, and saw 10 of its levels.

You collected 367 gold pieces.

Inventory:

Hand Weapons
 a - a +2 dagger of draining (weapon)
 b - a +0 hunting sling
 h - a +0 spear
 q - a +3 dagger
Missiles
 n - 324 stones (quivered)
Armour
 e - a cursed +0 helmet (worn)
 l - a +0 pair of boots (worn)
 o - a scarf of cloud immunity
 u - a +0 buckler of fire resistance (worn)
 A - a +0 cloak (worn)
 C - a +2 leather armour of fire resistance (worn)
Jewellery
 d - a ring of wizardry (right hand)
 f - an uncursed ring of see invisible
 B - a +4 ring of strength (left hand)
Wands
 c - a wand of flame (7)
 m - a wand of acid (5)
 p - a wand of disintegration (14)
 r - a wand of digging (6)
Scrolls
 g - a scroll of identify
 i - 7 scrolls of remove curse
 k - a scroll of magic mapping
 s - a scroll of fear
 x - 3 scrolls of teleportation {!r}
 z - a scroll of fog
Books
 j - Kikubaaqudgha's Almanac of Stolen Souls
   (Kikubaaqudgha gifted it to you on level 8 of the Dungeon)

   Spells                             Type                      Level
   a - Animate Skeleton               Necromancy                   1
   b - Pain                           Necromancy                   1
   c - Corpse Rot                     Necromancy                   2
   d - Vampiric Draining              Necromancy                   3


   Skills:
 + Level 5.7 Fighting
 + Level 2.1 Armour
 - Level 3.0 Dodging
 - Level 2.0 Stealth
 - Level 4.0 Shields
 + Level 7.8 Spellcasting
 + Level 4.6 Conjurations
   Level 0.7 Summonings
 - Level 0.7 Translocations
 - Level 2.0 Fire Magic
 - Level 2.0 Air Magic
 - Level 2.1 Poison Magic
 + Level 4.1 Evocations


You had 10 spell levels left.
You knew the following spells:

 Your Spells              Type           Power        Failure   Level  Hunger
a - Magic Dart            Conj           ####         1%          1    N/A
b - Blink                 Tloc           N/A          4%          2    N/A
c - Conjure Flame         Conj/Fire      ###.....     3%          3    N/A
d - Mephitic Cloud        Conj/Pois/Air  ###.....     4%          3    N/A
e - Sticky Flame          Conj/Fire      ###.....     11%         4    N/A

Dungeon Overview and Level Annotations

Branches:
Dungeon (8/15)             Temple (1/1) D:7            Lair (1/6) D:8

Altars:
Ashenzari
Dithmenos
Elyvilon
Fedhas
Gozag
Hepliaklqana
Kikubaaqudgha
Makhleb
Nemelex Xobeh
Okawaru
Qazlal
Ru
Sif Muna
Trog
Uskayaw
Vehumet
Wu Jian
Xom
Yredelemnul
Zin
Beogh

Shops:
D:4 *

Annotations:
D:2 fire vault
D:5 Blork the orc
D:7 eels


Innate Abilities, Weirdness & Mutations

You do not eat or drink.
Your flesh is vulnerable to fire.
You are immune to poison.
Your flesh is cold resistant. (rC+)
You are immune to negative energy. (rN+++)
You are immune to unholy pain and torment.
You can survive without breathing.


Message History

You hit the orc.
You kill the orc!
Kikubaaqudgha accepts your kill.
You can now receive cadavers from Kikubaaqudgha.
You see here Kikubaaqudgha's Almanac of Stolen Souls.
Kikubaaqudgha grants you a gift! j - Kikubaaqudgha's Almanac of Stolen Souls
Casting: Mephitic Cloud
Confirm with . or Enter, or press ? or * to list all spells.
Aiming: Conjure Flame
Press: ? - help, Dir - move target cursor The fire ignites!
The orc priest calls down the wrath of Beogh upon you.
Beogh smites you!
* * * LOW HITPOINT WARNING * * *
Found a twisted robe.
The orc priest invokes the aid of Beogh against you.
Beogh smites you!
You die...
Kikubaaqudgha rasps: "You have failed me!
Welcome... oblivion!"

#####.....#o)........♣.. ♣
#.....######o.....[.. ♣♣
#####........##...!.....♣♣ ♣♣♣.
#.............#...........♣♣♣.H.
#....♣♣♣♣.....#.............♣...
#...♣♣ ♣♣.....+.................
#...♣♣♣♣......#.................
#....♣........#.................
#.............#@................
#.......♣.....#.♣♣..............
#.............#..♣♣♣............
#................♣........♣.....
#...........................♣...
#...............................
#....................)..........
#.............#.................
#.............#.......>.........


You could see an orc priest.

Vanquished Creatures
  2 hippogriffs
  A spriggan (D:7)
  Duvessa (D:4)
  An ice beast (D:7)
  4 orc warriors
  A sky beast (D:5)
  3 ogres
  3 centaurs (D:7)
  5 bullfrogs
  3 scorpions
  Dowan (D:4)
  5 electric eels (D:7)
  4 crimson imps
  A bullfrog skeleton (D:5)
  6 orc priests
  5 orc wizards
  3 hounds
  A jelly (D:8)
  2 centaur skeletons
  An iguana (D:6)
  3 worker ants
  Robin (D:4)
  4 gnolls
  13 adders
  2 worms
  2 dart slugs
  4 leopard geckos
  35 orcs
  5 ball pythons
  8 giant cockroaches
  17 goblins
  11 hobgoblins
  2 jackals (D:7)
  17 kobolds
  3 quokkas
  8 bats
  3 frilled lizards
  A jackal zombie (D:7)
  A quokka zombie (D:8)
  6 rats
  A spectral orc (D:6)
200 creatures vanquished.

Vanquished Creatures (others)
  A rat (D:2)
  A plant (D:7)
2 creatures vanquished.

Grand Total: 202 creatures vanquished

Notes
Turn   | Place    | Note
-------+----------+-------------------------------------------
     0 | D:1      | seren the Mummy Wizard began the quest for the Orb.
     0 | D:1      | Reached XP level 1. HP: 13/13 MP: 5/5
   288 | D:1      | Reached skill level 1 in Conjurations
   411 | D:1      | Reached XP level 2. HP: 19/19 MP: 5/7
   416 | D:1      | Learned a level 2 spell: Blink
  1181 | D:1      | Reached XP level 3. HP: 24/24 MP: 4/8
  1187 | D:1      | Learned a level 3 spell: Conjure Flame
  1191 | D:1      | Learned a level 3 spell: Mephitic Cloud
  3067 | D:2      | Reached XP level 4. HP: 28/31 MP: 3/10
  3741 | D:3      | Found a stormy altar of Qazlal.
  3792 | D:3      | Reached skill level 1 in Fighting
  3969 | D:3      | Found an opulent altar of Gozag.
  4285 | D:3      | Found a roughly hewn altar of Beogh.
  5162 | D:3      | Reached skill level 1 in Air Magic
  5162 | D:3      | Reached XP level 5. HP: 30/37 MP: 8/12
  5180 | D:3      | Reached skill level 1 in Poison Magic
  5410 | D:3      | Reached skill level 5 in Spellcasting
  5410 | D:3      | Reached skill level 1 in Evocations
  5605 | D:3      | Reached XP level 6. HP: 31/45 MP: 9/13
  6495 | D:4      | Found Rontuho's Retail Resort.
  6823 | D:4      | Noticed Duvessa
  6851 | D:4      | Noticed Dowan
  6856 | D:4      | Killed Dowan
  6874 | D:4      | Killed Duvessa
  6874 | D:4      | Reached XP level 7. HP: 52/52 MP: 4/15
  7118 | D:4      | Noticed Robin
  7137 | D:4      | Killed Robin
  7711 | D:4      | Found a bloodstained altar of Trog.
  7736 | D:5      | Entered Level 5 of the Dungeon
  7803 | D:5      | Found a sparkling altar of Nemelex Xobeh.
  7803 | D:5      | Found a shattered altar of Ashenzari.
  8246 | D:5      | Identified a scroll of acquirement
  8507 | D:5      | Identified the Handbook of Heat
  8514 | D:5      | Learned a level 4 spell: Sticky Flame
  8939 | D:5      | Noticed Blork the orc
  9020 | D:5      | Reached skill level 6 in Spellcasting
  9510 | D:7      | Noticed a hippogriff
  9543 | D:6      | Found an ornate altar of the Wu Jian Council.
  9874 | D:6      | Reached skill level 1 in Shields
  9874 | D:6      | Reached XP level 8. HP: 36/60 MP: 10/17
 10301 | D:6      | Found a basalt altar of Yredelemnul.
 10801 | D:6      | Reached skill level 1 in Fire Magic
 11706 | D:7      | Found a white marble altar of Elyvilon.
 12155 | D:7      | Reached XP level 9. HP: 67/67 MP: 19/19
 12901 | D:7      | Reached skill level 7 in Spellcasting
 12925 | D:7      | Found a staircase to the Ecumenical Temple.
 12937 | Temple   | Entered the Ecumenical Temple
 13025 | Temple   | Became a worshipper of Kikubaaqudgha
 13129 | D:7      | Reached skill level 5 in Fighting
 13212 | D:7      | Reached skill level 1 in Armour
 13278 | D:7      | Found a blossoming altar of Fedhas.
 13581 | D:8      | Found a staircase to the Lair.
 13588 | Lair:1   | Entered Level 1 of the Lair of Beasts
 13635 | D:7      | Upgraded the game from 0.21.0-26-g889b8f6 to 0.21.0-30-g47ce8e4
 14179 | Lair:1   | Noticed a komodo dragon
 14390 | D:8      | Found a radiant altar of Vehumet.
 14429 | D:8      | Reached * piety under Kikubaaqudgha
 14429 | D:8      | Identified Kikubaaqudgha's Almanac of Stolen Souls (Kikubaaqudgha gifted it to you on level 8 of the Dungeon)
 14429 | D:8      | Received a gift from Kikubaaqudgha
 14441 | D:8      | Killed from afar by an orc priest

Skill      XL: |  1  2  3  4  5  6  7  8  9 |
---------------+----------------------------+-----
Conjurations   | 1 2 3 4 |  4.6
Stealth        | 2 |  2.0
Dodging        | 2 3 |  3.0
Fighting       | 1 2 3 4 5 |  5.7
Air Magic      | 1 2 |  2.0
Poison Magic   | 1 2 |  2.1
Spellcasting   | 5 6 7 |  7.8
Evocations     | 1 2 3 4 |  4.1
Shields        | 1 3 4 |  4.0
Fire Magic     | 2 |  2.0
Armour         | 2 |  2.1
Summonings     | |  0.7
Translocations | |  0.7

Action                   |  1- 3 |  4- 6 |  7- 9 || total
-------------------------+-------+-------+-------++-------
Melee: Unarmed           |     4 |       |       ||     4
       Club              |    16 |       |       ||    16
       Dagger            |    29 |   135 |   403 ||   567
 Fire: Hunting sling     |       |    88 |    35 ||   123
 Cast: Magic Dart        |   130 |    44 |   132 ||   306
       Mephitic Cloud    |       |    13 |    49 ||    62
       Blink             |       |     4 |       ||     4
       Conjure Flame     |       |       |     3 ||     3
       Sticky Flame      |       |       |     1 ||     1
Evoke: Wand              |       |     5 |    15 ||    20
  Use: Scroll            |     3 |     1 |     9 ||    13
 Stab: Sleeping          |     1 |       |     2 ||     3
       Confused          |       |     3 |    21 ||    24
Armor: Robe              |    13 |    33 |    34 ||    80
       Leather armour    |       |       |    17 ||    17
Dodge: Dodged            |    75 |    91 |   207 ||   373
Block: Buckler           |       |       |    47 ||    47
